Map: Overgrown Facility

Players

PureLegacy - Winner!

  • Race: Terran Terran
  • Spawn Location: 1:00

bennyboy - Winner!

  • Race: Zerg Zerg
  • Spawn Location: 3:00

sfoRzanDo

  • Race: Terran Terran
  • Spawn Location: 7:00

Jeitjet

  • Race: Protoss Protoss
  • Spawn Location: 9:00

VOD

Have the link to the VOD?

Description

Time

  • Played on: Nov. 23, 2018, 11:02 a.m.
  • Length: 3:20
Show
View Real Time Build Order
Export as new Build Order

PureLegacy Terran - Winner!

Build Orders:  

Get SALT Encoding   

  12  0:01  SCV  
  13  0:14  SCV  
  14  0:19  Supply Depot  
  14  0:26  SCV  
  15  0:30  Refinery  
  15  0:40  SCV  
  16  0:46  Barracks  
  16  0:52  SCV  
  17  1:06  Barracks  
  17  1:19  Barracks  
  17  1:24  SCV  
  18  1:34  Reaper  
  19  1:44  Orbital Command  
  19  1:53  Reaper  
  20  1:57  Supply Depot  
  20  2:07  Reaper  
  21  2:08  Reaper  
  22  2:16  Refinery  
  22  2:22  SCV  
  23  2:25  Supply Depot  
  23  2:28  Reaper  
  24  2:39  SCV  
  24  2:44  Reaper  
  27  3:04  Command Center  
  28  3:14  Engineering Bay  
Show
View Real Time Build Order
Export as new Build Order

bennyboy Zerg - Winner!

Build Orders: Pool First 

Get SALT Encoding   

  12  0:02  Drone  
  13  0:14  Drone  
  14  0:18  Extractor  
  13  0:27  Drone  
  14  0:35  Spawning Pool  
  13  0:37  Drone  
  14  0:49  Overlord  
  14  1:08  Drone  
  15  1:21  Zergling x2  
  15  1:22  Zergling x4  
  15  1:23  Metabolic Boost  
  18  1:30  Queen  
  20  1:37  Overlord  
  20  1:44  Zergling x2  
  21  1:56  Zergling x2  
  22  2:05  Zergling x2  
  22  2:06  Queen  
  25  2:15  Overlord  
  25  2:27  Zergling x2  
  26  2:40  Zergling x4  
  26  2:41  Drone  
  26  2:42  Drone  
  30  2:49  Hatchery  
Show
View Real Time Build Order
Export as new Build Order

sfoRzanDo Terran 

Build Orders: Reaper Expand 

Get SALT Encoding   

  12  0:02  SCV  
  13  0:14  SCV  
  13  0:19  Supply Depot  
  14  0:27  SCV  
  15  0:41  SCV  
  16  0:45  Barracks  
  16  0:47  Refinery  
  16  0:53  SCV  
  17  0:59  Refinery  
  17  1:05  SCV  
  18  1:35  Supply Depot  
  18  1:36  Reaper  
  18  1:37  Orbital Command  
  19  2:03  SCV  
  20  2:13  Command Center  
  20  2:23  Factory  
  20  2:25  SCV  
  20  2:29  Reaper  
  22  2:37  SCV  
  23  2:49  SCV  
  23  3:02  SCV  
Show
View Real Time Build Order
Export as new Build Order

Jeitjet Protoss 

Build Orders:  

Get SALT Encoding   

  12  0:04  Probe  
  13  0:16  Probe  
  13  0:21  Pylon  
  14  0:28  Probe  
  15  0:36  Probe  
  16  0:45  Gateway  
  16  0:46  Assimilator, Probe  
  17  0:57  Probe  
  17  1:04  Assimilator  
  18  1:05  Probe  
  19  1:14  Probe  
  19  1:17  Assimilator  
  20  1:24  Probe, Pylon  
  21  1:36  Cybernetics Core  
  21  1:40  Probe  
  21  1:57  Probe  
  22  2:03  Stalker, Pylon  
  22  2:09  Probe  
  25  2:18  Stargate  
  25  2:21  Probe  
  26  2:48  Stargate  
  30  3:12  Shield Battery  
  30  3:18  Pylon  
Tags
 
Add a new tag
Caveats
  • Supply blocks, unpowered buildings, or Contaminate may cause inaccurate times.
  • Supply counts are checked every 10 seconds.